 Dungeon Crawl Stone Soup version 0.22.1-2-g9c5b331383 (webtiles) character file.

191532 4FPSwarrior the Agent of Entropy (level 18, 0/146 HPs)
             Began as a Demonspawn Abyssal Knight on Nov 23, 2018.
             Was a Priest of Lugonu.
             Splashed by an acid blob's acid (3 damage)
             ... on level 1 of the Pits of Slime on Nov 28, 2018.
             The game lasted 05:05:33 (50137 turns).

4FPSwarrior the Agent of Entropy (DsAK)            Turns: 50137, Time: 05:05:33

Health: 0/146      AC:  7    Str: 22    XL:     18   Next: 1%
Magic:  0/31       EV: 14    Int: 14    God:    Lugonu [***...]
Gold:   2565       SH:  0    Dex: 14    Spells: 9/17 levels left

rFire    + + .     SeeInvis .   g - +9 triple sword (distort)
rCold    . . .     Gourm    .   (shield currently unavailable)
rNeg     . . .     Faith    .   H - +1 plate armour {rF+}
rPois    .         Spirit   +   (helmet unavailable)
rElec    .         Reflect  +   w - scarf {Spirit}
rCorr    +         Harm     .   Y - +0 pair of gloves
MR       +....                  O - +2 pair of boots of the Assassin {Detection Stab+ Stlth++}
Stlth    ..........             i - +5 amulet of reflection
HPRegen  0.34/turn              F - +5 ring of evasion
MPRegen  0.22/turn              T - ring of Zogho {rCorr Str+5 Dex-2}

@: confused, corroded, very slightly contaminated, studying 2 skills, invisible
A: horns 3, demonic guardian 1, fire resistance 1, spiny 2, sturdy frame 3
a: Depart the Abyss, Bend Space, Banish, Renounce Religion


You were on level 1 of the Pits of Slime.
You worshipped Lugonu.
Lugonu was most pleased with you.
You were hungry.

You visited 8 branches of the dungeon, and saw 31 of its levels.
You visited the Abyss 4 times.
You also visited: Ossuary, Bailey and Volcano.

You collected 3771 gold pieces.
You spent 1206 gold pieces at shops.

Inventory:

Hand Weapons
 g - a +9 triple sword of distortion (weapon)
 p - a +2 great sword of electrocution
 G - a +4 demon whip of freezing
 W - a +2 vampiric scimitar
Missiles
 h - 42 tomahawks (quivered)
 j - 3 steel tomahawks
 R - 69 tomahawks of returning
 Z - 2 throwing nets
Armour
 m - a +3 buckler
 w - a scarf of spirit shield (worn)
 H - a +1 plate armour of fire resistance (worn)
 O - the +2 pair of boots of the Assassin (worn) {Detection Stab+ Stlth++}
   (You acquired it on level 1 of the Snake Pit)

   It makes you much more stealthy.
 Y - a +0 pair of gloves (worn)
Jewellery
 i - a +5 amulet of reflection (around neck)
 k - the amulet of Wuizinog {+Rage rElec rC- Int+3}
   (You took it off a deep elf annihilator on level 3 of the Elven Halls)

   [amulet of rage]

   It affects your intelligence (+3).
   It makes you vulnerable to cold.
   It insulates you from electricity.
   It lets you go berserk.
 o - an uncursed ring of wizardry
 F - a +5 ring of evasion (left hand)
 J - an uncursed ring of protection from cold
 T - the ring of Zogho (right hand) {rCorr Str+5 Dex-2}
   (You found it on level 6 of the Lair of Beasts)

   [ring of resist corrosion]

   It affects your strength (+5).
   It affects your dexterity (-2).
Wands
 u - a wand of digging (48)
 B - a wand of flame (17)
 D - a wand of acid (13)
 I - a wand of scattershot (16)
Scrolls
 a - 4 scrolls of torment
 e - 10 scrolls of teleportation
 l - a scroll of fear
 n - a scroll of brand weapon
 r - 5 scrolls of fog
 v - 10 scrolls of amnesia
 y - 3 scrolls of vulnerability
 z - 3 scrolls of magic mapping
 A - 5 scrolls of enchant armour
 E - 4 scrolls of remove curse
 S - a scroll of enchant weapon
 V - 3 scrolls of immolation
 X - a scroll of silence
Potions
 b - 3 potions of mutation
 d - 2 potions of curing
 f - 8 potions of haste
 s - 3 potions of flight
 t - 2 potions of invisibility
 x - 2 potions of cancellation
 C - 6 potions of magic
 K - 8 potions of lignification
 L - 5 potions of brilliance
 N - 2 potions of agility
 Q - 2 potions of might
Books
 q - a manual of Stealth
 P - a manual of Unarmed Combat
Comestibles
 c - 36 rations


   Skills:
 + Level 14.3 Fighting
 * Level 18.6 Long Blades
 + Level 8.8 Armour
 - Level 0.8 Dodging
 - Level 4.0 Shields
 - Level 7.1 Summonings
 - Level 3.3 Ice Magic
 + Level 18.9 Invocations


You had 9 spell levels left.
You knew the following spells:

 Your Spells              Type           Power        Failure   Level  Hunger
a - Call Canine Familiar  Summ           ###.....     16%         3    ####...
b - Summon Ice Beast      Ice/Summ       ##......     75%         4    #####..
c - Summon Butterflies    Summ           ###.....     5%          1    ##.....

Your spell library contained the following spells:

 Spells                   Type           Power        Failure   Level  Hunger
 Call Imp                 Summ           ###.....     8%          2    ###....
 Summon Guardian Golem    Hex/Summ       #.......     56%         3    ####...
 Ensorcelled Hibernation  Hex/Ice        #.....       58%         2    ###....
 Throw Frost              Conj/Ice       #.....       58%         2    ###....
 Beastly Appendage        Tmut           #.....       67%         1    ##.....
 Confusing Touch          Hex            #.....       67%         1    ##.....
 Corona                   Hex            #......      67%         1    ##.....
 Flame Tongue             Conj/Fire      #....        67%         1    ##.....
 Infusion                 Chrm           #...         67%         1    ##.....
 Magic Dart               Conj           #...         67%         1    ##.....
 Pain                     Necr           #...         67%         1    ##.....
 Shock                    Conj/Air       #...         67%         1    ##.....
 Sting                    Conj/Pois      #...         67%         1    ##.....
 Blink                    Tloc           N/A          82%         2    ###....
 Poisonous Vapours        Pois/Air       #.....       82%         2    ###....
 Searing Ray              Conj           #.....       82%         2    ###....
 Shroud of Golubria       Chrm/Tloc      #.........   82%         2    ###....
 Slow                     Hex            #.......     82%         2    ###....
 Sticks to Snakes         Tmut           #.......     82%         2    ###....
 Swiftness                Chrm/Air       #.......     82%         2    ###....
 Throw Flame              Conj/Fire      #.....       82%         2    ###....
 Summon Demon             Summ           ###.......   82%         5    ######.
 Confuse                  Hex            #.......     96%         3    ####...
 Conjure Flame            Conj/Fire      #.......     96%         3    ####...
 Dazzling Spray           Conj/Hex       #.....       96%         3    ####...
 Gell's Gravitas          Tloc           #.........   96%         3    ####...
 Inner Flame              Hex/Fire       #.......     96%         3    ####...
 Lesser Beckoning         Tloc           #.........   96%         3    ####...
 Mephitic Cloud           Conj/Pois/Air  #.......     96%         3    ####...
 Portal Projectile        Hex/Tloc       #.....       96%         3    ####...
 Spider Form              Tmut/Pois      #.........   96%         3    ####...
 Static Discharge         Conj/Air       #.......     96%         3    ####...
 Teleport Other           Tloc           #.......     96%         3    ####...
 Tukima's Dance           Hex            #.......     96%         3    ####...
 Ice Form                 Ice/Tmut       #.......     99%         4    #####..
 Summon Forest            Summ/Tloc      #.........   99%         5    ######.
 Summon Mana Viper        Hex/Summ       #.......     99%         5    ######.
 Airstrike                Air            #.........   100%        4    #####..
 Animate Dead             Necr           N/A          100%        4    #####..
 Cause Fear               Hex            #.........   100%        4    #####..
 Leda's Liquefaction      Hex/Erth       #.........   100%        4    #####..
 Olgreb's Toxic Radiance  Pois           #.......     100%        4    #####..
 Passage of Golubria      Tloc           N/A          100%        4    #####..
 Petrify                  Tmut/Erth      #.......     100%        4    #####..
 Sticky Flame             Conj/Fire      #.......     100%        4    #####..
 Blade Hands              Tmut           #.........   100%        5    ######.
 Dispel Undead            Necr           #.......     100%        5    ######.
 Fireball                 Conj/Fire      #.........   100%        5    ######.
 Lightning Bolt           Conj/Air       #.........   100%        5    ######.
 Metabolic Englaciation   Hex/Ice        #.........   100%        5    ######.
 Silence                  Hex/Air        #.........   100%        5    ######.
 Venom Bolt               Conj/Pois      #.........   100%        5    ######.
 Yara's Violent Unravell  Hex/Tmut       #.........   100%        5    ######.
 Bolt of Cold             Conj/Ice       #.........   100%        6    #######
 Deflect Missiles         Chrm/Air       #.........   100%        6    #######
 Freezing Cloud           Conj/Ice/Air   #.........   100%        6    #######
 Ring of Flames           Chrm/Fire      #.........   100%        7    #######
 Summon Hydra             Summ           ###.......   100%        7    #######


Dungeon Overview and Level Annotations

Branches:
Dungeon (15/15)            Temple (0/1) D:4            Lair (6/6) D:11
 Shoals (1/4) Lair:2        Snake (2/4) Lair:4        Slime (1/5) Lair:6
    Orc (2/2) D:11            Elf (3/3) Orc:2        Vaults (0/5) D:13
 Depths (1/5) D:15

Altars:
Dithmenos
Fedhas
Hepliaklqana
Kikubaaqudgha
Nemelex Xobeh
Okawaru
Qazlal
Vehumet
Xom
Yredelemnul
Zin
The Shining One

Shops:
D:8 (   Orc:2 ?(%(   Elf:3 *

Annotations:
D:5 exclusion: downstairs
D:11 2 runed doors, vierth's ghost, journeyman MiFi
D:12 exclusions: ice statue and orange crystal statue
Lair:2 exclusion: 3 oklob plants
Lair:4 corrupted
Lair:5 1 runed door, Gunterle's ghost, journeyman SpAs
Snake:1 exclusion: downstairs
Snake:2 Agnes; Vashnia
Orc:2 corrupted
Elf:1 corrupted
Elf:2 3 runed doors
Elf:3 corrupted


Innate Abilities, Weirdness & Mutations

You have a pair of large horns on your head.
A weak demonic guardian rushes to your aid.
Your flesh is heat resistant. (rF+)
You are mostly covered in sharp spines.
Your movements are significantly less encumbered by armour. (ER -6)


Message History

* * * LOW HITPOINT WARNING * * *
The acid corrodes you!
You are splashed with acid!
The acid burns!
You resist.
* * * LOW HITPOINT WARNING * * *
Two slime creatures merge to form a large slime creature.
The golden eye blinks!
The golden eye blinks at you.
You are more confused.
Your shadow imp hits the golden eye.
You are very lightly contaminated with residual magic.
You hit the acid blob.
Space warps horribly around the acid blob!
Your hands burn!
* * * LOW HITPOINT WARNING * * *
The acid blob is heavily wounded.
The golden eye blinks!
The acid blob spits acid at you. The splash of acid hits you! You resist.
* * * LOW HITPOINT WARNING * * *
You are splashed with acid!
The acid burns!
You resist.
You die...

#.#.............
.................
#.........>......
#............#..
#.............# .
..............#..
........JJ.5...#
........GJ§....#
.......JJ@....##
....G...GJ...#.#
..............G.#
.....#.........##
.....###..#.....#
.#... #...###.##
... ##... ## ##..


You could see 2 acid blobs, an azure jelly, 2 large slime creatures, a slime
creature, 4 golden eyes and a friendly shadow imp.

Vanquished Creatures
  Frances (D:13)
  2 fire giants (Depths:1)
  2 deep elf sorcerers (Elf:3)
  A stone giant (D:15)
  2 deep elf annihilators (Elf:3)
  3 dire elephants (Lair:6)
  2 deep elf demonologists
  A red draconian (Volcano)
  An ettin (Depths:1)
  A fire dragon (D:15)
  2 merfolk impalers (Shoals:1)
  A deep elf high priest (Elf:3)
  A great orb of eyes (D:15)
  Harold (Lair:1)
  3 vault guards (D:13)
  2 rakshasas
  Erica (D:10)
  A naga warrior (Snake:1)
  An alligator snapping turtle (Lair:2)
  4 hydras
  2 merfolk avatars (Shoals:1)
  3 centaur warriors
  9 anacondas
  2 catoblepae
  2 two-headed ogres
  3 tengu warriors
  5 orc high priests (Orc:2)
  A naga sharpshooter (Snake:1)
  10 dancing weapons
  The ghost of definar the Geomancer, a novice GrEE of Elyvilon (Lair:2)
  Urug (Lair:2)
  4 death yaks (Lair:5)
  3 shock serpents (Snake:2)
  3 hell knights (D:15)
  7 deep elf knights
  2 naga ritualists (Snake:2)
  2 sea snakes (Shoals:1)
  6 unseen horrors
  5 deep elf archers
  2 orc knights
  4 harpies (Shoals:1)
  4 necromancers (D:15)
  3 orc sorcerers
  3 fauns (Shoals:1)
  13 ugly things
  38 deep elf magi
  4 oklob plants
  7 mana vipers (Snake:2)
  A manticore (D:13)
  12 slime creatures
  A salamander (shapeshifter) (D:14)
  4 cyclopes
  2 moths of wrath (Lair:5)
  4 naga magi
  5 merfolk sirens
  Maurice (D:11)
  5 elephants
  A guardian serpent (Snake:2)
  14 black mambas
  A torpor snail (Lair:5)
  3 water nymphs (Shoals:1)
  6 spiny frogs
  12 rime drakes
  2 komodo dragons
  An efreet (D:12)
  3 centaur skeletons
  2 yaktaurs (Volcano)
  8 polar bears
  3 merfolk (Shoals:1)
  2 trolls (D:9)
  A hornet (D:15)
  6 tyrant leeches (Lair:5)
  19 blink frogs
  3 snapping turtles (Shoals:1)
  A meliai zombie (D:15)
  A raiju (shapeshifter) (Elf:2)
  5 hippogriffs
  2 air elementals
  A shadow (D:15)
  A wraith (D:14)
  16 yaks
  2 water elementals
  A wyvern (Lair:3)
  A basilisk (D:12)
  5 fire elementals
  A human (D:9)
  8 steam dragons (Lair:2)
  2 golden eyes (Slime:1)
  2 hungry ghosts
  7 swamp worms (Lair:5)
  A warg (Orc:2)
  2 soldier ants
  11 hell hounds
  11 nagas
  4 porcupines
  17 water moccasins
  Duvessa (D:7)
  A phantom (D:5)
  2 black bears
  5 ice beasts
  A hornet zombie (D:13)
  28 orc warriors
  3 sky beasts
  9 ogres
  A necrophage (D:9)
  15 wolves
  10 centaurs
  10 crocodiles
  3 big kobolds
  Blork the orc (D:6)
  19 bullfrogs
  Dowan (D:7)
  An earth elemental (Elf:1)
  3 water moccasin zombies (Ossuary)
  7 scorpions
  A water moccasin skeleton (D:7)
  8 killer bees
  6 wights
  2 howler monkeys
  3 electric eels
  7 crimson imps
  2 centaur zombies
  6 jellies
  2 quasits
  4 hounds
  2 bullfrog skeletons
  21 orc priests
  4 iguanas
  2 worker ants
  21 orc wizards
  6 hell rats (Lair:5)
  A killer bee zombie (D:6)
  2 big kobold zombies (Ossuary)
  2 mummies (Ossuary)
  3 worker ant zombies
  13 gnolls (Bailey)
  11 adders
  5 shadow imps
  2 oozes (Lair:6)
  4 adder zombies (Ossuary)
  2 adder skeletons (D:7)
  2 dart slugs
  6 leopard geckos
  81 orcs
  4 bats
  6 giant cockroaches
  7 goblins
  18 hobgoblins
  14 jackals
  2 quokkas
  6 ball pythons
  3 frilled lizards
  A gnoll zombie (Ossuary)
  3 hobgoblin zombies (Ossuary)
  27 kobolds
  4 kobold zombies (Ossuary)
  4 orc zombies (Ossuary)
  A quokka skeleton (D:8)
  9 rats
  3 plants
870 creatures vanquished.

Vanquished Creatures (collateral kills)
  Snorg (Lair:3)
  A naga warrior (Snake:2)
  2 hydras
  A vault guard (D:13)
  A shock serpent (Snake:2)
  A deep elf knight (Elf:3)
  2 oklob plants
  3 deep elf magi
  2 slime creatures (D:12)
  A spiny frog (Lair:4)
  A komodo dragon (Lair:2)
  A rime drake (Lair:2)
  2 tyrant leeches (Lair:5)
  Prince Ribbit (D:8)
  9 blink frogs
  5 dream sheep (Lair:6)
  A hippogriff (Lair:6)
  A yak (Lair:6)
  A hungry ghost (D:7)
  2 steam dragons
  2 water moccasins
  An orc warrior (D:14)
  An eye of draining (D:14)
  An ogre (D:6)
  5 centaurs
  A bullfrog (D:6)
  A scorpion (D:10)
  A killer bee (D:11)
  3 crimson imps
  An orc priest (Orc:1)
  A hound (D:9)
  3 jellies
  5 orc wizards
  An iguana (D:11)
  A hell rat (Lair:5)
  A hound skeleton (D:4)
  An ooze (Lair:6)
  An adder skeleton (D:9)
  9 orcs
  2 jackals (D:11)
  A fungus (Lair:5)
  A plant (Lair:5)
83 creatures vanquished.

Vanquished Creatures (others)
  A deep elf master archer (Elf:3)
  A deep elf blademaster (Elf:3)
  A nagaraja (Snake:2)
  Donald (Orc:2)
  An azure jelly (Elf:3)
  6 deep elf sorcerers
  7 deep elf elementalists (Elf:3)
  6 deep elf annihilators (Elf:3)
  2 deep elf demonologists (Elf:3)
  A dire elephant (Lair:6)
  3 deep elf death magi (Elf:3)
  5 deep elf high priests (Elf:3)
  A two-headed ogre (D:11)
  A dancing weapon (Elf:3)
  4 death yaks (Lair:4)
  An orc high priest (Orc:2)
  A small abomination (Elf:3)
  2 hell knights (D:15)
  A large abomination (Elf:3)
  A sea snake (Shoals:1)
  3 deep elf archers
  4 orc knights (Orc:2)
  3 orc sorcerers (Orc:2)
  16 deep elf magi
  3 fauns (Shoals:1)
  A manticore (D:11)
  5 black mambas
  2 merfolk sirens (Shoals:1)
  4 elephants
  2 spiny frogs (Lair:4)
  A torpor snail (Lair:5)
  A gargoyle (D:10)
  A komodo dragon (Lair:4)
  A rime drake (Lair:2)
  A troll (Orc:2)
  A hippogriff (Lair:6)
  An air elemental (Elf:1)
  A wyvern (D:6)
  A water elemental (Elf:3)
  4 yaks (Lair:4)
  2 fire elementals
  A steam dragon (Lair:2)
  A warg (Orc:2)
  A naga (Snake:2)
  5 water moccasins (Lair:4)
  10 orc warriors
  3 centaurs
  2 crocodiles (Lair:4)
  9 orc priests (Orc:2)
  7 orc wizards (Orc:2)
  2 adders (Lair:4)
  27 orcs
  2 hobgoblins (Bailey)
  2 kobolds (Bailey)
  3 crawling corpses (Elf:3)
  23 fungi
  23 plants
  25 starspawn tentacles
251 creatures vanquished.

Grand Total: 1204 creatures vanquished

Notes
Turn   | Place    | Note
-------+----------+-------------------------------------------
     0 | Abyss:1  | 4FPSwarrior the Demonspawn Abyssal Knight began the quest
                  | for the Orb.
     0 | Abyss:1  | Reached XP level 1. HP: 18/18 MP: 2/2
    66 | Abyss:1  | Noticed a small abomination
    69 | Abyss:1  | Noticed a wretched star
    70 | D:1      | Escaped the Abyss
   333 | D:1      | Gained mutation: You are partially covered in sharp spines.
                  | [demonic ancestry]
   333 | D:1      | Reached XP level 2. HP: 24/24 MP: 3/3
   428 | D:1      | Found a glowing golden altar of the Shining One.
   445 | D:1      | Reached * piety under Lugonu
   812 | D:1      | Gained mutation: A weak demonic guardian rushes to your
                  | aid. [demonic ancestry]
   812 | D:1      | Reached XP level 3. HP: 25/29 MP: 4/4
  1351 | D:2      | Found a radiant altar of Vehumet.
  1656 | D:2      | Reached XP level 4. HP: 32/35 MP: 5/5
  2061 | D:3      | Reached ** piety under Lugonu
  2070 | D:3      | Found a faded altar of an unknown god.
  2169 | D:3      | Noticed an orc warrior
  2401 | D:4      | Noticed a phantom
  2464 | D:4      | Reached skill level 1 in Shields
  2464 | D:4      | Gained mutation: Your movements are slightly less
                  | encumbered by armour. (ER -2) [demonic ancestry]
  2464 | D:4      | Reached XP level 5. HP: 35/41 MP: 5/7
  2580 | D:4      | Found a staircase to the Ecumenical Temple.
  2924 | D:5      | Entered Level 5 of the Dungeon
  2948 | D:5      | Reached XP level 6. HP: 44/47 MP: 8/8
  3341 | D:5      | Found a shadowy altar of Dithmenos.
  3341 | D:5      | Found a faded altar of an unknown god.
  3346 | D:5      | Found a stormy altar of Qazlal.
  3355 | D:5      | Reached skill level 5 in Long Blades
  3361 | D:5      | Found a glowing silver altar of Zin.
  3362 | D:5      | Found a hazy altar of Hepliaklqana.
  3513 | D:5      | Gained mutation: You have a pair of small horns on your
                  | head. [demonic ancestry]
  3513 | D:5      | Reached XP level 7. HP: 44/52 MP: 10/10
  4146 | D:5      | Reached skill level 5 in Invocations
  4216 | D:6      | Noticed Blork the orc
  4310 | D:6      | Reached *** piety under Lugonu
  4361 | D:6      | Noticed a wyvern
  4373 | D:6      | Banished a wyvern
  4614 | D:6      | Gained mutation: Your movements are less encumbered by
                  | armour. (ER -4) [demonic ancestry]
  4614 | D:6      | Reached XP level 8. HP: 58/58 MP: 12/12
  4675 | D:6      | Killed Blork the orc
  5637 | D:7      | Noticed Duvessa
  5637 | D:7      | Noticed Dowan
  5661 | D:7      | Killed Duvessa
  5666 | D:7      | Killed Dowan
  6100 | D:7      | Reached XP level 9. HP: 37/65 MP: 15/15
  6367 | D:7      | Found a sparkling altar of Nemelex Xobeh.
  6380 | D:7      | Found a basalt altar of Yredelemnul.
  6381 | D:7      | Found a shimmering altar of Xom.
  6382 | D:7      | Found a blossoming altar of Fedhas.
  6383 | D:7      | Found an iron altar of Okawaru.
  6385 | D:7      | Found an ancient bone altar of Kikubaaqudgha.
  6776 | D:8      | Found Doffexae's Antique Weapon Shop.
  6780 | D:8      | Noticed Prince Ribbit
  6787 | D:8      | Killed Prince Ribbit
  6980 | D:8      | Found a sand-covered staircase.
  6987 | Ossuary  | Entered an ossuary
  7212 | Ossuary  | Reached **** piety under Lugonu
  7719 | D:8      | Bought a runed scimitar for 203 gold pieces
  7752 | D:8      | Reached skill level 10 in Invocations
  7828 | D:8      | Found the +3 crown of Dyrovepreva {rElec Int+2 SInv}
  8065 | D:8      | Reached skill level 5 in Fighting
  8739 | D:9      | Noticed a troll
  8752 | D:9      | Killed a troll
  8752 | D:9      | Reached ***** piety under Lugonu
  8752 | D:9      | Gained mutation: You are mostly covered in sharp spines.
                  | [demonic ancestry]
  8752 | D:9      | Reached XP level 10. HP: 74/74 MP: 17/17
  9103 | D:9      | Noticed a cyclops
  9144 | D:10     | Entered Level 10 of the Dungeon
  9313 | D:10     | Noticed a gargoyle
  9378 | D:10     | Reached skill level 10 in Long Blades
  9563 | D:10     | Noticed Erica
  9576 | D:10     | Killed Erica
  9589 | D:10     | Learned a level 3 spell: Call Canine Familiar
  9772 | D:10     | Banished a gargoyle
  9946 | D:11     | Noticed a manticore
  9951 | D:11     | Banished a manticore
  9951 | D:11     | Reached skill level 1 in Summonings
 10026 | D:11     | Found a staircase to the Lair.
 10029 | D:11     | Noticed an oklob plant
 10040 | D:11     | Noticed an oklob plant
 10044 | D:11     | Noticed Maurice
 10058 | D:11     | Killed Maurice
 10173 | D:11     | Noticed an unseen horror
 10184 | D:11     | Killed an unseen horror
 10223 | D:11     | Found a staircase to the Orcish Mines.
 10225 | D:11     | Noticed a cyclops
 10226 | D:11     | Noticed a two-headed ogre
 10229 | D:11     | Banished a two-headed ogre
 10229 | D:11     | Gained mutation: Your movements are significantly less
                  | encumbered by armour. (ER -6) [demonic ancestry]
 10229 | D:11     | Reached XP level 11. HP: 74/84 MP: 17/19
 10265 | D:11     | Noticed an unseen horror
 10277 | D:11     | Noticed a purple ugly thing
 10289 | D:11     | Killed a purple ugly thing
 10353 | D:11     | Killed an unseen horror
 10556 | D:11     | Noticed a necromancer
 10556 | D:11     | Noticed a sphinx
 10557 | D:11     | Noticed vierth's ghost (journeyman MiFi)
 10557 | D:11     | Noticed a skeletal warrior
 10558 | D:11     | Noticed an unseen horror
 10559 | D:11     | Noticed a tengu reaver
 10559 | D:11     | Noticed a skeletal warrior
 10654 | D:11     | Noticed a two-headed ogre
 10662 | D:11     | Killed a two-headed ogre
 10680 | D:11     | Noticed a four-headed hydra
 10696 | D:11     | Killed a one-headed hydra
 10813 | D:11     | Found a runed door.
 10814 | D:11     | Found a runed door.
 10815 | D:11     | Noticed a lich
 10865 | D:11     | Killed an oklob plant
 11126 | D:11     | Killed an oklob plant
 11346 | D:11     | Noticed an oklob plant
 11621 | D:11     | Killed an oklob plant
 11623 | D:11     | Got a brightly glowing brass ring
 11629 | D:11     | Identified the ring of the Fool {MP+9 Slay+2} (You found it
                  | on level 11 of the Dungeon)
 12157 | Lair:1   | Entered Level 1 of the Lair of Beasts
 12520 | Lair:1   | Reached skill level 5 in Summonings
 12652 | Lair:1   | Noticed Harold
 12668 | Lair:1   | Killed Harold
 13124 | Lair:1   | Reached XP level 12. HP: 94/94 MP: 21/21
 14463 | Lair:2   | Learned a level 4 spell: Summon Ice Beast
 14732 | Lair:2   | Reached skill level 1 in Ice Magic
 14857 | Lair:2   | Found a runed gate.
 14857 | Lair:2   | Found a runed gate.
 14858 | Lair:2   | Found a runed gate.
 14859 | Lair:2   | Noticed definar's ghost (novice GrEE)
 15575 | Lair:2   | Killed definar's ghost
 15800 | Lair:2   | Found a staircase to the Shoals.
 15857 | Lair:2   | Noticed Urug
 15870 | Lair:2   | Killed Urug
 16423 | Lair:3   | Noticed Snorg
 16432 | Lair:3   | Killed Snorg
 16637 | Lair:3   | Noticed a seven-headed hydra
 16652 | Lair:3   | Killed a four-headed hydra
 17019 | Lair:4   | Noticed a death yak
 17020 | Lair:4   | Corrupted Lair:4
 17020 | Lair:4   | Noticed a rakshasa
 17020 | Lair:4   | Noticed a starcursed mass
 17020 | Lair:4   | Noticed a tentacled starspawn
 17020 | Lair:4   | Noticed a starcursed mass
 17038 | Lair:4   | Killed a death yak
 17043 | Lair:4   | Noticed a rakshasa
 17044 | Lair:4   | Killed a death yak
 17046 | Lair:4   | Noticed a death yak
 17046 | Lair:4   | Noticed a death yak
 17050 | Lair:4   | Killed a death yak
 17053 | Lair:4   | Killed a death yak
 17109 | Lair:4   | Found a dark tunnel.
 17122 | Volcano  | Entered a volcano
 17208 | Volcano  | Noticed a red draconian
 17243 | Volcano  | Killed a red draconian
 17243 | Volcano  | Gained mutation: You have a pair of horns on your head.
                  | [demonic ancestry]
 17243 | Volcano  | Reached XP level 13. HP: 61/101 MP: 4/23
 17834 | Lair:4   | Found a staircase to the Snake Pit.
 18723 | Lair:5   | Reached skill level 10 in Fighting
 19019 | Lair:5   | Found a runed door.
 19021 | Lair:5   | Noticed Gunterle's ghost (journeyman SpAs)
 19978 | Lair:5   | Identified the Papyrus of the Illusory Cities
 20164 | Lair:6   | Entered Level 6 of the Lair of Beasts
 20482 | Lair:6   | Reached skill level 15 in Invocations
 20959 | Lair:6   | Reached XP level 14. HP: 105/111 MP: 25/25
 21139 | Lair:6   | Found a staircase to the Slime Pits.
 21821 | Lair:2   | Got a brightly glowing whip
 22025 | Lair:2   | Identified the +8 whip "Biawor" {slash, Fragile rElec
                  | Stlth+} (You found it on level 2 of the Lair of Beasts)
 22087 | Orc:1    | Entered Level 1 of the Orcish Mines
 22930 | D:12     | Found a flagged portal.
 22938 | Bailey   | Entered a bailey
 23583 | D:12     | Reached skill level 15 in Long Blades
 23583 | D:12     | Reached XP level 15. HP: 118/118 MP: 26/26
 24091 | D:12     | Identified 2 scrolls of acquirement
 24750 | D:13     | Noticed Frances
 25020 | D:13     | Found a blossoming altar of Fedhas.
 25667 | D:13     | Found a gate to the Vaults.
 25694 | D:13     | Killed Frances
 25694 | D:13     | Reached ****** piety under Lugonu
 28006 | D:15     | Entered Level 15 of the Dungeon
 28110 | D:14     | Reached skill level 5 in Armour
 29871 | Orc:1    | Paralysed by an orc sorcerer for 6 turns
 30255 | Orc:2    | Entered Level 2 of the Orcish Mines
 30255 | Orc:2    | Noticed Donald
 30337 | Orc:2    | Corrupted Orc:2
 30337 | Orc:2    | Noticed a tentacled starspawn
 30337 | Orc:2    | Noticed a tentacled starspawn
 30343 | Orc:2    | Noticed a tentacled starspawn
 30345 | Orc:2    | Killed Donald
 30346 | Orc:2    | Found a staircase to the Elven Halls.
 30346 | Orc:2    | Noticed a bone dragon
 30362 | Orc:2    | Noticed a lich
 30422 | Orc:2    | Noticed a tentacled starspawn
 31398 | Orc:1    | Identified a +3 triple sword of distortion (a +1 triple
                  | sword of flaming corrupted by Lugonu)
 31398 | Orc:1    | Received a gift from Lugonu
 32012 | Orc:2    | Reached XP level 16. HP: 127/127 MP: 28/28
 32788 | Orc:2    | Found Duemn's Weapon Boutique.
 32788 | Orc:2    | Found Poxzad's Magic Scroll Boutique.
 32789 | Orc:2    | Found Quopp's Antique Weapon Boutique.
 32789 | Orc:2    | Found Fudumet's Food Shop.
 32800 | Orc:2    | Bought a scroll of enchant weapon for 90 gold pieces
 32800 | Orc:2    | Bought a scroll of enchant armour for 90 gold pieces
 32800 | Orc:2    | Bought a scroll of teleportation for 36 gold pieces
 32800 | Orc:2    | Bought a scroll of magic mapping for 42 gold pieces
 32800 | Orc:2    | Bought a scroll of enchant weapon for 90 gold pieces
 32800 | Orc:2    | Bought a scroll of teleportation for 36 gold pieces
 33141 | D:15     | Learned a level 1 spell: Summon Butterflies
 33303 | D:15     | Found a staircase to the Depths.
 34344 | Snake:1  | Entered Level 1 of the Snake Pit
 36474 | Lair:6   | Got a serpentine marble ring
 36492 | Lair:6   | Identified the ring of Zogho {rCorr Str+5 Dex-2} (You found
                  | it on level 6 of the Lair of Beasts)
 38454 | Snake:2  | Noticed Vashnia
 38610 | Snake:1  | Found the +2 pair of boots of the Assassin {Detection Stab+
                  | Stlth++}
 39065 | Shoals:1 | Entered Level 1 of the Shoals
 39068 | Shoals:1 | Cast into level 2 of the Abyss (faun)
 39118 | Shoals:1 | Escaped the Abyss
 41361 | Shoals:1 | Gained mutation: You have a pair of large horns on your
                  | head. [demonic ancestry]
 41361 | Shoals:1 | Reached XP level 17. HP: 117/137 MP: 23/29
 41761 | Elf:1    | Entered Level 1 of the Elven Halls
 42460 | Elf:1    | Corrupted Elf:1
 42460 | Elf:1    | Noticed a bone dragon
 42461 | Elf:1    | Noticed a bone dragon
 42463 | Elf:1    | Noticed a bone dragon
 43510 | Elf:1    | Noticed Azrael
 43516 | Elf:1    | Banished Azrael
 43809 | Elf:1    | Identified Sif Muna's Volume of Conjuration and Creation
 44315 | Elf:2    | Found a runed gate.
 44315 | Elf:2    | Found a runed gate.
 44315 | Elf:2    | Found a runed gate.
 44342 | Elf:2    | Cast into level 2 of the Abyss (a deep elf demonologist)
 44382 | Elf:2    | Escaped the Abyss
 44614 | Elf:3    | Entered Level 3 of the Elven Halls
 45672 | Depths:1 | Entered Level 1 of the Depths
 46681 | Snake:2  | Noticed Agnes
 47685 | Elf:3    | Found Qug Lole's Assorted Antiques.
 47713 | Elf:3    | Bought a marble ring for 155 gold pieces
 47713 | Elf:3    | Bought a scroll of enchant armour for 232 gold pieces
 47713 | Elf:3    | Bought a scroll of enchant weapon for 232 gold pieces
 48730 | Elf:3    | Corrupted Elf:3
 48738 | Elf:3    | Noticed a bone dragon
 48746 | Elf:3    | Cast into level 1 of the Abyss (spatial vortex)
 48747 | Elf:3    | Escaped the Abyss
 48768 | Elf:3    | Killed a deep elf blademaster
 48775 | Elf:3    | Killed a deep elf master archer
 49355 | Elf:3    | Identified the Disquisition on the Dark Escort
 49359 | Elf:3    | Identified the Catalogue of Creative Venom
 49419 | Elf:3    | Got a brightly glowing graven amulet
 49435 | Elf:3    | Identified Sif Muna's Volume of Necromancy and Good Luck
 49724 | Elf:3    | Gained mutation: Your flesh is heat resistant. (rF+)
                  | [demonic ancestry]
 49724 | Elf:3    | Reached XP level 18. HP: 100/146 MP: 21/31
 49865 | Elf:3    | Identified the amulet of Wuizinog {+Rage rElec rC- Int+3}
                  | (You took it off a deep elf annihilator on level 3 of the
                  | Elven Halls)
 50118 | Slime:1  | Entered Level 1 of the Pits of Slime
 50137 | Slime:1  | HP: 6/146 [acid (2)]
 50137 | Slime:1  | Splashed by an acid blob's acid

Skill      XL: |  1  2  3  4  5  6  7  8  9 10 11 12 13 14 15 16 17 |
---------------+----------------------------------------------------+-----
Long Blades    | 2 3 4 5 6 7 9 10 12 13 14 15 16 17 18 | 18.6
Shields        | 1 2 3 4 |  4.0
Invocations    | 3 4 6 9 10 11 12 13 15 16 17 18 | 18.9
Fighting       | 5 7 8 9 10 11 12 13 14 | 14.3
Summonings     | 2 5 6 7 |  7.1
Ice Magic      | 3 |  3.3
Armour         | 2 3 6 8 |  8.8
Dodging        | |  0.8

Action                   |  1- 3 |  4- 6 |  7- 9 | 10-12 | 13-15 | 16-18 || total
-------------------------+-------+-------+-------+-------+-------+-------++-------
Melee: Falchion          |   118 |   133 |   358 |       |       |       ||   609
       Headbutt          |       |       |    77 |   126 |   243 |   164 ||   610
       Scimitar          |       |       |    79 |   607 |   934 |       ||  1620
       Whip              |       |       |       |       |   109 |       ||   109
       Triple sword      |       |       |       |       |    70 |   685 ||   755
       Demon whip        |       |       |       |       |       |    57 ||    57
Throw: Tomahawk          |     3 |    13 |    25 |    35 |    55 |    33 ||   164
       Stone             |       |       |     5 |       |       |       ||     5
 Cast: Call Canine Famil |       |       |       |    40 |    59 |     2 ||   101
       Summon Ice Beast  |       |       |       |    21 |    69 |       ||    90
       Summon Butterflie |       |       |       |       |       |     6 ||     6
Invok: Depart the Abyss  |     1 |       |       |       |       |     3 ||     4
       Banish            |       |       |     1 |     7 |     4 |     2 ||    14
       Corrupt           |       |       |       |     1 |     1 |     2 ||     4
       Brand Weapon With |       |       |       |       |     1 |       ||     1
       Bend Space        |       |       |       |       |       |     7 ||     7
 Abil: Evoke Flight      |       |       |       |       |       |     3 ||     3
Evoke: Wand              |       |     1 |     3 |     5 |     7 |    10 ||    26
  Use: Scroll            |       |     8 |    10 |     7 |    24 |    18 ||    67
       Potion            |       |       |     1 |     3 |    11 |    14 ||    29
 Stab: Distracted        |       |     1 |     2 |     8 |    10 |     5 ||    26
       Paralysed         |       |     7 |     5 |     4 |       |       ||    16
       Sleeping          |       |       |     1 |     1 |       |       ||     2
       Petrified         |       |       |       |       |     8 |       ||     8
       Invisible         |       |       |       |       |       |     3 ||     3
  Eat: Chunk             |     2 |     6 |    12 |    34 |    50 |    33 ||   137
       Ration            |       |       |     2 |     3 |     9 |     8 ||    22
Armor: Leather armour    |    20 |       |       |       |       |       ||    20
       Ring mail         |    27 |    24 |    65 |   117 |   208 |       ||   441
       Plate armour      |       |       |       |       |    24 |   353 ||   377
Dodge: Dodged            |    77 |    30 |   106 |   169 |   320 |   368 ||  1070
Block: Buckler           |       |    54 |   221 |   309 |   533 |    46 ||  1163
       Reflection        |       |     1 |    11 |    19 |    59 |    21 ||   111
       Other             |       |     1 |       |       |    20 |   125 ||   146
       Rpst.: Falchion   |    21 |    12 |    25 |       |       |       ||    58
       Scimitar          |       |       |     5 |    32 |    63 |       ||   100
       Triple sword      |       |       |       |       |     7 |    72 ||    79
